 Dungeon Crawl Stone Soup version 0.16-a0-4048-g245e628 (webtiles) character file.

105 Chiseanne the Charlatan (level 4, 0/42 HPs)
             Began as an Ogre Artificer on Feb 19, 2015.
             Was an Initiate of Vehumet.
             Slain by an orc
             ... wielding a +0 falchion
              (3 damage)
             ... on level 3 of the Dungeon.
             The game lasted 00:06:34 (1910 turns).

Chiseanne the Charlatan (Ogre Artificer)            Turns: 1910, Time: 00:06:34

Health: 0/42       AC:  3    Str: 16    XL:     4   Next: 81%
Magic:  6/6        EV: 10    Int: 12    God:    Vehumet [......]
Gold:   131        SH:  0    Dex: 10    Spells: 0 memorised, 3 levels left

rFire  . . .     SeeInvis .     a - +1 mace
rCold  . . .     Clarity  .     e - +0 robe
rNeg   . . .     SustAb   .     (shield restricted)
rPois  .         Gourm    .     (helmet restricted)
rElec  .         Spirit   .     (no cloak)
rCorr  .         Warding  .     (gloves unavailable)
rMut   .         Stasis   .     (boots unavailable)
MR     .....                    (no amulet)
Stlth  +.........               (no ring)
                                (no ring)

@: very slightly contaminated, hasted, very quick, not resistant to hostile
enchantments, very unstealthy
A: unfitting armour, tough skin 1
a: Renounce Religion


You were on level 3 of the Dungeon.
You worshipped Vehumet.
Vehumet was noncommittal.
You were not hungry.

You visited 1 branch of the dungeon, and saw 3 of its levels.

You collected 131 gold pieces.

Inventory:

Hand weapons
 a - a +1 mace (weapon)
 k - a +0 flail
Armour
 e - a +0 robe (worn)
 j - a +0 shield
Magical devices
 b - a wand of flame (4)
 c - a wand of enslavement (12)
 d - a wand of random effects (15)
 n - a wand of lightning (8)
Scrolls
 h - a scroll of teleportation {unknown}
 p - 2 scrolls of identify
Potions
 l - 2 potions of mutation
 o - a potion of might {unknown}
Comestibles
 f - 3 meat rations
 i - a bread ration
 m - 2 fruits


   Skills:
 * Level 2.0 Fighting
   Level 0.5 Short Blades
 * Level 3.3 Dodging
 - Level 0.7 Stealth
 * Level 0.2 Spellcasting
 - Level 3.4 Evocations


You had 3 spell levels left.
You didn't know any spells.

Dungeon Overview and Level Annotations

Branches:
Dungeon (3/15)

Altars:
Elyvilon
Vehumet


Innate Abilities, Weirdness & Mutations

You are too large for most types of armour.
You have tough skin (AC +1).


Message History

The orc wizard gestures wildly while chanting.
The orc wizard blinks!
You hit the orc wizard.
You kill the orc wizard!
Vehumet accepts your kill.
Your Fighting skill increases to level 2!
The orc hits you with a falchion.
* * * LOW HITPOINT WARNING * * *
You barely miss the orc.
The orc is heavily wounded.
The orc hits you with a falchion.
* * * LOW HITPOINT WARNING * * *
Drink which item? (? for menu, Esc to quit)
You feel yourself speed up. The orc hits you with a falchion.
* * * LOW HITPOINT WARNING * * *
You are very lightly contaminated with residual magic.
You hit the orc but do no damage.
The orc is heavily wounded.
The orc hits you with a falchion.
You die...

###.###..# #.# ##.#.##..#
#.# ..###....# #.#
##.#.###.# #.#
....####.#####.#
###............############
.....###.####..............
......)...###)#############
####<##.#...[.))@....$...
#.##...###.#.o########
#.####.# #.#..# ..# .#
#.#.... ### ## #.###### #.#
#.# #.# #.#


You could see an orc.

Vanquished Creatures
  An orc wizard (D:3)
  5 adders
  An ooze (D:1)
  A ball python (D:1)
  3 bats (D:1)
  5 goblins (D:1)
  4 hobgoblins
  2 giant newts
  5 kobolds
  3 rats
30 creatures vanquished.

Vanquished Creatures (collateral kills)
  Ijyb (D:3)
  3 orcs (D:3)
4 creatures vanquished.

Vanquished Creatures (others)
  A bat (D:3)
1 creature vanquished.

Grand Total: 35 creatures vanquished

Notes
Turn   | Place    | Note
--------------------------------------------------------------
     0 | D:1      | Chiseanne, the Ogre Artificer, began the quest for the Orb.
     0 | D:1      | Reached XP level 1. HP: 19/19 MP: 1/1
   276 | D:1      | Reached XP level 2. HP: 19/27 MP: 2/2
   481 | D:1      | Reached skill level 3 in Evocations
   767 | D:1      | Found a radiant altar of Vehumet.
   776 | D:1      | Became a worshipper of Vehumet
  1023 | D:2      | Reached XP level 3. HP: 28/33 MP: 4/4
  1402 | D:2      | Reached XP level 4. HP: 39/42 MP: 6/6
  1702 | D:3      | Found a white marble altar of Elyvilon.
  1858 | D:3      | Noticed Ijyb
  1882 | D:3      | Killed Ijyb
  1910 | D:3      | Slain by an orc

Action                   |  1- 3 |  4- 6 || total
-------------------------+-------+-------++-------
Melee: Spear             |    76 |       ||    76
       Short sword       |     1 |       ||     1
       Hand axe          |    26 |    22 ||    48
       Mace              |       |    10 ||    10
Evoke: Wand              |     8 |     6 ||    14
  Use: Scroll            |     4 |     4 ||     8
       Potion            |       |     1 ||     1
 Stab: Distracted        |       |     1 ||     1
  Eat: Chunk             |     1 |     2 ||     3
